 Dungeon Crawl Stone Soup version 0.21.1-1-g345015fe64 (webtiles) character file.

334 Gargoyl the Skirmisher (level 6, -2/52 HPs)
             Began as a Centaur Abyssal Knight on Feb 7, 2018.
             Was a Priest of Lugonu.
             Slain by an ogre
             ... wielding a +0 giant spiked club
              (24 damage)
             ... on level 4 of the Dungeon on Feb 8, 2018.
             The game lasted 00:08:08 (3657 turns).

Gargoyl the Skirmisher (Centaur Abyssal Knight)     Turns: 3657, Time: 00:08:09

Health: -2/52      AC: 11    Str: 14    XL:     6   Next: 27%
Magic:  8/8        EV:  6    Int: 11    God:    Lugonu [***...]
Gold:   76         SH:  5    Dex: 11    Spells: 5/5 levels left

rFire    . . .     SeeInvis .   a - +2 hand axe
rCold    . . .     Gourm    .   p - +2 buckler {AC+3}
rNeg     . . .     Faith    .   l - +2 scale mail
rPois    .         Spirit   .   (no helmet)
rElec    .         Reflect  .   (no cloak)
rCorr    .         Harm     .   (no gloves)
MR       .....                  (no barding)
Stlth    ..........             j - amulet of regeneration
HPRegen  0.57/turn              e - ring of flight
MPRegen  0.11/turn              (no ring)

@: hasted, very quick
A: large, hooves 3, deformed body, speed 2, tough skin 3
a: Depart the Abyss, Bend Space, Banish, Renounce Religion, Evoke Flight


You were on level 4 of the Dungeon.
You worshipped Lugonu.
Lugonu was most pleased with you.
You were not hungry.

You visited 1 branch of the dungeon, and saw 4 of its levels.
You visited the Abyss 1 time.

You collected 308 gold pieces.
You spent 232 gold pieces at shops.

Inventory:

Hand Weapons
 a - a +2 hand axe (weapon)
Armour
 l - a +2 scale mail (worn)
 p - a +2 buckler of protection (worn)
Jewellery
 e - a ring of flight (left hand)
 j - an amulet of regeneration (around neck)
Scrolls
 h - 3 scrolls of identify
 i - a scroll of teleportation
 k - a scroll of immolation {unknown}
 m - a scroll of noise {unknown}
 o - 2 scrolls of remove curse
 q - a scroll of fear
Potions
 b - a potion of mutation {unknown}
 d - a potion of haste
 f - a potion of curing
 g - 2 potions of ambrosia {unknown}
 r - a potion of heal wounds
Comestibles
 c - 9 rations
 n - 6 chunks of flesh


   Skills:
 + Level 4.1 Fighting
 + Level 3.6 Axes
 * Level 2.8 Armour
 + Level 1.0 Dodging
 * Level 3.3 Invocations
 + Level 0.1 Evocations


You had 5 spell levels left.
You didn't know any spells.

Dungeon Overview and Level Annotations

Branches:
Dungeon (4/15)
 Temple: D:4-7

Altars:

Shops:
D:4 [


Innate Abilities, Weirdness & Mutations

You have hooves in place of feet.
Armour fits poorly on your strangely shaped body.
You cover ground very quickly.
You have extremely tough skin. (AC +3)


Message History

You hit the giant cockroach.
You kill the giant cockroach!
Lugonu accepts your kill.
You can now banish your foes.
You hit the ogre but do no damage. You block the ogre's attack.
You closely miss the ogre.
The ogre hits you with a giant spiked club!!
You slash the ogre!
The ogre is moderately wounded.
The ogre hits you with a giant spiked club!
It was a potion of curing.
You feel better.
It was a potion of haste.
You feel yourself speed up.
You hit the ogre.
The ogre is heavily wounded.
You hit the ogre.
The ogre is severely wounded.
The ogre hits you with a giant spiked club!
You hit the ogre.
The ogre is almost dead.
The ogre hits you with a giant spiked club!!
You die...

##..............#
##..... ....?.
#..............##
#...... ......
##..............#
##...... ......
#...............#
#.......
......##..............##
#.......
......#...............#
##.......
......##.............##
#........
......##.............#
#........
...............O@...##
##.......
......###............##
###..... ....##
###........#..## ###.##
##. ##.....####..## ####
# ###..## ##..# ##..
#### ####.## ##.#g#
##...#.###..#..
##...........###
#............#..


You could see an ogre.

Vanquished Creatures
  A scorpion (D:4)
  3 orc priests (D:3)
  A hound skeleton (D:4)
  A worker ant zombie (D:3)
  4 gnolls (D:4)
  An adder (D:2)
  An ooze (D:3)
  3 worms (D:2)
  5 dart slugs
  3 leopard geckos
  7 orcs (D:3)
  6 giant cockroaches
  13 goblins
  5 hobgoblins
  7 jackals
  2 quokkas (D:3)
  7 bats
  4 frilled lizards
  10 kobolds
  5 rats
89 creatures vanquished.

Notes
Turn   | Place    | Note
-------+----------+-------------------------------------------
     0 | Abyss:1  | Gargoyl the Centaur Abyssal Knight began the quest for the Orb.
     0 | Abyss:1  | Reached XP level 1. HP: 19/19 MP: 2/2
     4 | Abyss:1  | Found a corrupted altar of Lugonu.
    78 | Abyss:1  | Noticed a bone dragon
    98 | Abyss:1  | Noticed a white draconian
   114 | D:1      | Escaped the Abyss
   695 | D:1      | Reached XP level 2. HP: 23/26 MP: 3/3
   840 | D:1      | Reached * piety under Lugonu
  1418 | D:2      | Reached XP level 3. HP: 24/31 MP: 4/4
  2460 | D:3      | Reached XP level 4. HP: 22/40 MP: 4/6
  2471 | D:2      | Reached ** piety under Lugonu
  2722 | D:3      | Reached XP level 5. HP: 25/46 MP: 7/7
  2896 | D:3      | Reached skill level 1 in Dodging
  3239 | D:4      | Reached skill level 4 in Fighting
  3349 | D:4      | Found Bom Hyhif's Antique Armour Shop.
  3369 | D:4      | Bought a runed buckler for 232 gold pieces
  3508 | D:4      | Reached XP level 6. HP: 52/52 MP: 8/8
  3632 | D:4      | Reached *** piety under Lugonu
  3657 | D:4      | Slain by an ogre

Skill      XL: |  1  2  3  4  5 |
---------------+----------------+-----
Axes           | 2 3 |  3.6
Armour         | 2 |  2.8
Invocations    | 3 |  3.3
Dodging        | 1 |  1.0
Fighting       | 4 |  4.1
Evocations     | |  0.1

Action                   |  1- 3 |  4- 6 || total
-------------------------+-------+-------++-------
Melee: Hand axe          |   108 |   131 ||   239
       Kick              |    14 |    25 ||    39
Invok: Depart the Abyss  |     1 |       ||     1
 Abil: Evoke Flight      |     1 |       ||     1
  Use: Scroll            |     9 |       ||     9
       Potion            |       |     3 ||     3
  Eat: Chunk             |     3 |     4 ||     7
Armor: Leather armour    |    16 |       ||    16
       Scale mail        |    69 |    94 ||   163
       Skin              |     1 |       ||     1
Dodge: Dodged            |    45 |    61 ||   106
Block: Buckler           |       |     5 ||     5
